 Dungeon Crawl Stone Soup version 0.20.1-1-g8b1a95d (webtiles) character file.

540 dildomiseAU the Changer (level 7, 0/57 HPs)
             Began as a Purple Draconian Transmuter on Sept 14, 2017.
             Splashed by a jelly's acid (5 damage)
             ... on level 4 of the Dungeon.
             The game lasted 00:20:37 (4474 turns).

dildomiseAU the Changer (DrTm)                      Turns: 4474, Time: 00:20:41

Health: 0/57       AC:  0    Str: 13    XL:     7   Next: 5%
Magic:  32/32      EV: 12    Int: 14    God:
Gold:   284        SH:  2    Dex: 12    Spells: 3/15 levels left

rFire    . . .     SeeInvis .     - Unarmed
rCold    . . .     Gourm    .   (no shield)
rNeg     . . .     Faith    .   (armour unavailable)
rPois    .         Spirit   .   (helmet restricted)
rElec    .         Reflect  +   r - +0 cloak
rCorr    .         Harm     .   C - +0 pair of gloves
MR       +....                  (no boots)
Stlth    +.........             y - +2 amulet of reflection
Regen    0.2/turn               u - ring of magical power
MPRegen  0.3/turn               w - ring of magical power

@: appendage (expiring), corroded
A: breathe power, unfitting armour, horns 2, cold-blooded, AC +6
a: Breathe Dispelling Energy, End Transformation


You were on level 4 of the Dungeon.
You were not hungry.
You had grown temporary horns.
You visited 1 branch of the dungeon, and saw 5 of its levels.

You collected 284 gold pieces.

Inventory:

Hand Weapons
 i - a cursed -1 dagger {penisi}
Missiles
 a - 52 arrows
 k - 3 javelins (quivered)
Armour
 r - a +0 cloak (worn)
 C - a +0 pair of gloves (worn)
Jewellery
 u - a ring of magical power (left hand)
 w - a ring of magical power (right hand)
 y - a +2 amulet of reflection (around neck)
Wands
 m - a wand of paralysis (9/24)
 B - a wand of lightning (15/15)
Scrolls
 d - 3 scrolls of teleportation
 f - a scroll of blinking
 h - 3 scrolls of remove curse
Potions
 e - 2 potions of curing
 g - a potion of might {unknown}
 n - a potion of haste
 o - 2 potions of agility
 s - 2 potions of flight
 v - a potion of cancellation {unknown}
 x - 2 potions of heal wounds {unknown}
Books
 b - a book of Changes

   Spells                             Type                      Level
   a - Beastly Appendage              Transmutation                1
   b - Sticks to Snakes               Transmutation                2
   c - Spider Form                    Transmutation/Poison         3
   d - Ice Form                       Ice/Transmutation            4
   e - Blade Hands                    Transmutation                5
Comestibles
 c - 2 bread rations
 l - 5 fruits
 p - a meat ration
 t - 2 royal jellies


   Skills:
 * Level 3.0 Fighting
 + Level 0.1 Throwing
 - Level 1.7 Dodging
 - Level 3.7 Unarmed Combat
 + Level 4.9 Spellcasting
 + Level 5.4 Transmutations
 + Level 0.6 Ice Magic


You had 3 spell levels left.
You knew the following spells:

 Your Spells              Type           Power        Failure   Level  Hunger
a - Beastly Appendage     Tmut           ###...       1%          1    None
b - Sticks to Snakes      Tmut           ###.....     2%          2    ##.....
c - Blade Hands           Tmut           ###.......   45%         5    ######.
d - Ice Form              Ice/Tmut       ##......     45%         4    ####...


Dungeon Overview and Level Annotations

Branches:
Dungeon (5/15)
 Temple: D:4-7

Altars:
Ru


Innate Abilities, Weirdness & Mutations

You can breathe bolts of dispelling energy.
Your rich purple scales are hard. (AC +6)
You cannot fit into any form of body armour.
You are cold-blooded and may be slowed by cold attacks.
You have a pair of horns on your head.


Message History

Your ball python bites the jelly.
Your ball python is burned by acid!
Your ball python withers and dies!
Your adder bites the jelly.
Your adder is burned by acid!
Your adder withers and dies!
The jelly misses you.
You completely miss the jelly. You tail-slap the jelly.
The jelly is severely wounded.
You hit the jelly but do no damage.
Your hands burn!
* * * LOW HITPOINT WARNING * * *
The jelly is almost dead.
The jelly barely misses you.
Unknown command.
You hit the jelly.
Your hands burn!
* * * LOW HITPOINT WARNING * * *
You tail-slap the jelly, but do no damage.
The jelly is almost dead.
The jelly hits you.
* * * LOW HITPOINT WARNING * * *
You are splashed with acid!
The acid burns!
You die...

....#.....#.....#............#.#.
....#...#_#.#...#..#....###.##.#.
....#...#####...#..#....# #.##.#.
....#...#.#.#...#.>#....# #.##...
.#..#.....#.....###.....###.##...
.#....###'#+###..##.......#.##.P#
.#....#...#...#..##S.<....'.##...
.##...#.......#..##.......#######
.....####...####@##.......#
###...#.......#..J........#
#...#.......#...........#
#...######........[.##### #####
########'#.###### #.#......#
#.######.# #.# #.# #.# #.#


You could see a jelly.

Vanquished Creatures
  A water moccasin zombie (D:5)
  A crimson imp (D:5)
  A hound (D:5)
  An orc wizard (D:5)
  A centaur skeleton (D:5)
  Terence (D:2)
  2 worker ants
  7 adders
  2 oozes
  An adder zombie (D:5)
  An adder skeleton (D:4)
  A worm (D:2)
  2 dart slugs (D:1)
  6 leopard geckos
  3 orcs
  A ball python (D:2)
  7 bats
  6 giant cockroaches
  9 goblins
  9 hobgoblins
  7 jackals
  8 kobolds
  3 quokkas
  5 frilled lizards
  A leopard gecko zombie (D:5)
  8 rats
95 creatures vanquished.

Vanquished Creatures (collateral kills)
  2 ogres
  An iguana (D:4)
  A worker ant (D:5)
4 creatures vanquished.

Grand Total: 99 creatures vanquished

Notes
Turn   | Place    | Note
-------+----------+-------------------------------------------
     0 | D:1      | dildomiseAU the Draconian Transmuter began the quest for the Orb.
     0 | D:1      | Reached XP level 1. HP: 16/16 MP: 3/3
    68 | D:1      | Reached XP level 2. HP: 22/23 MP: 5/5
   404 | D:1      | Reached XP level 3. HP: 29/29 MP: 4/6
   792 | D:2      | Found a faded altar of an unknown god.
   988 | D:2      | Learned a level 2 spell: Sticks to Snakes
  1096 | D:2      | Reached XP level 4. HP: 23/36 MP: 5/7
  1122 | D:2      | Reached skill level 3 in Transmutations
  1488 | D:2      | Noticed Terence
  1506 | D:2      | Killed Terence
  2029 | D:3      | Reached XP level 5. HP: 39/42 MP: 7/9
  2414 | D:4      | Reached skill level 4 in Transmutations
  2493 | D:4      | Noticed an ogre
  2502 | D:4      | Killed an ogre
  2691 | D:4      | Found a sacrificial altar of Ru.
  3027 | D:5      | Entered Level 5 of the Dungeon
  3036 | D:5      | Reached XP level 6. HP: 36/50 MP: 10/10
  3428 | D:5      | Reached skill level 5 in Transmutations
  3452 | D:5      | Learned a level 5 spell: Blade Hands
  3457 | D:5      | Learned a level 4 spell: Ice Form
  4163 | D:5      | Your scales start taking on a rich purple colour.
  4163 | D:5      | Reached XP level 7. HP: 15/57 MP: 14/14
  4474 | D:4      | Splashed by a jelly's acid

Skill      XL: |  1  2  3  4  5  6 |
---------------+-------------------+-----
Fighting       | 2 3 |  3.0
Transmutations | 3 4 5 |  5.4
Spellcasting   | 3 4 |  4.9
Throwing       | |  0.1
Dodging        | |  1.7
Unarmed Combat | |  3.7
Ice Magic      | |  0.6

Action                   |  1- 3 |  4- 6 |  7- 9 || total
-------------------------+-------+-------+-------++-------
Melee: Unarmed           |   147 |   245 |     9 ||   401
       Tailslap          |     8 |    22 |     3 ||    33
       Headbutt          |     4 |    14 |     1 ||    19
       Kick              |     7 |    27 |       ||    34
       Punch             |     3 |     5 |       ||     8
Throw: Javelin           |       |     1 |       ||     1
 Cast: Beastly Appendage |    23 |    35 |     1 ||    59
       Sticks to Snakes  |       |    13 |     2 ||    15
  Use: Scroll            |     2 |     9 |       ||    11
       Potion            |       |     1 |     1 ||     2
 Stab: Distracted        |       |     1 |       ||     1
       Sleeping          |       |     1 |       ||     1
  Eat: Chunk             |     1 |    10 |       ||    11
       Bread ration      |       |       |     1 ||     1
Armor: Skin              |    50 |    69 |       ||   119
Dodge: Dodged            |    84 |   164 |     6 ||   254
Block: Other             |       |     6 |     1 ||     7
